Map: King's Cove LE

Players

TiPtOP - Winner!

  • Race: Terran Terran
  • Spawn Location: 5:00

VOD

Have the link to the VOD?

Description

Time

  • Played on: Aug. 12, 2019, 8:53 a.m.
  • Length: 15:40
Show
View Real Time Build Order
Export as new Build Order

TiPtOP Terran - Winner!

Build Orders:  

Get SALT Encoding   

  12  0:01  SCV  
  13  0:18  SCV  
  14  0:28  Supply Depot  
  14  0:38  SCV  
  15  0:58  SCV  
  16  1:01  Barracks  
  16  1:15  SCV  
  17  1:32  SCV  
  18  1:42  Refinery  
  18  1:49  SCV  
  19  1:57  Barracks  
  19  2:06  SCV  
  20  2:16  Marine  
  21  2:28  Orbital Command  
  21  2:44  Marine  
  22  2:51  Command Center  
  22  3:04  SCV  
  23  3:13  Barracks Reactor  
  23  3:17  Barracks Tech Lab  
  23  3:23  Supply Depot  
  23  4:14  Factory  
  23  4:24  SCV  
  24  4:39  SCV  
  25  4:41  SCV  
  26  4:54  Marine  
  26  4:55  Marine, Marauder  
  30  5:17  Factory Reactor  
  30  5:24  SCV  
  30  5:27  Refinery  
  30  5:28  Marine x2  
  30  5:29  Marauder  
  35  5:41  SCV  
  35  5:44  Stimpack  
  35  5:48  SCV  
  37  5:58  SCV, Marine  
  37  5:59  Marine  
  40  6:28  Marine x2, Marauder  
  44  6:37  SCV  
  45  6:50  Barracks  
  45  6:53  Marine  
  46  7:18  Supply Depot  
  46  7:20  Engineering Bay  
  46  7:24  Supply Depot  
  46  7:44  Starport  
  46  7:48  SCV x2, Marine, Marauder  
  51  7:50  Marine  
  51  7:56  Supply Depot  
  52  8:05  SCV  
  52  8:08  Terran Infantry Weapons Level 1  
  53  8:13  Marine  
  53  8:18  Barracks Reactor, Marauder  
  56  8:28  Supply Depot  
  56  8:34  Unknown  
  56  8:47  Factory Tech Lab  
  56  8:48  Medivac  
  58  8:56  Marine x2, Marauder  
  53  10:52  SCV  
  53  11:10  Orbital Command  
  51  11:47  Siege Tank  
  54  11:55  Marine x3  
  54  11:56  Marine  
  54  11:57  Marauder  
  60  12:07  Medivac x2  
  60  12:09  SCV  
  64  12:26  SCV  
  64  12:27  Marauder  
  67  12:32  Siege Tank  
  68  13:22  Siege Tank  
  68  13:33  Marine x4  
  68  13:34  Marauder  
  68  13:36  Siege Tank  
  76  14:04  Marauder  
  78  14:15  Siege Tank  
  78  14:33  Siege Tank  
  78  14:37  Unknown  
Tags
 
Add a new tag
Caveats
  • Supply blocks, unpowered buildings, or Contaminate may cause inaccurate times.
  • Supply counts are checked every 10 seconds.